AoeStats
← Smokey

Arabia

507951722Analyzed
1v1 RM · 13d ago on Sep 20, 2026· 40m 13s· 2 players
Game mode
Random Map
Map size
Tiny (2 player)
Population
200
Speed
Normal
Resources
Standard
Victory
Conquest
Starting age
Dark Age
Ending age
Imperial Age
RankedLock teamsTeams togetherTeam positionsShared explorationLock speedFull tech treeHidden civsTurbo modeCheats
Victory
Defeat
🇸🇮 Britons · Slovenia
474
+14
🇬🇧 Burgundians · United Kingdom
436
-14
drlovepump
8:42 Double-Bit Axe
9:36 Horse Collar
12:02 Feudal Age
13:21 Wheelbarrow
13:12 Bow Saw
15:52 Heavy Plow
18:14 Gold Mining
20:38 Castle Age
20:33 Gold Shaft Mining
19:49 Stone Mining
21:00 Hand Cart
22:13 Town Watch
22:13 Loom
22:42 Treadmill Crane
26:20 Stone Shaft Mining
25:58 Guard Tower
26:16 Town Patrol
27:57 Masonry
28:08 Ballistics
29:03 Two-Man Saw
29:20 Crop Rotation
30:19 Burgundian Vineyards
30:45 Devotion
31:31 Scale Barding Armor
32:46 Forging
33:00 Squires
32:24 Pikeman
37:12 Chain Barding Armor
36:55 Scale Mail Armor
36:32 Light Cavalry
38:29 Husbandry
42:20 Imperial Age
39:53 Elite Skirmisher
40:32 Fletching
40:42 Padded Archer Armor
41:18 Iron Casting
Smokey
13:06 Feudal Age
14:24 Double-Bit Axe
14:22 Horse Collar
19:00 Castle Age
21:05 Bow Saw
21:34 Heavy Plow
21:47 Gold Mining
21:48 Stone Mining
25:45 Wheelbarrow
25:48 Padded Archer Armor
25:38 Fletching
27:22 Leather Archer Armor
27:02 Bodkin Arrow
28:19 Pikeman
29:00 Squires
30:52 Ballistics
33:41 Imperial Age
32:04 Hand Cart
35:15 Yeomen
35:06 Elite Longbowman
39:15 Chemistry
40:10 Ring Archer Armor
39:40 Bracer
39:05 Halberdier
Connection lost

Rejoining the realm…

Still unreachable

The connection could not be restored.

Session expired

The server has moved on; the page needs a fresh start.